 Dungeon Crawl Stone Soup version 0.30.0-5-g1a98f26d00 (webtiles) character file.

Game seed: 8976837075302145019

242 SnakkuSnakku7 the Shooter (level 5, -2/30 HPs)
             Began as a Deep Elf Transmuter on May 11, 2023.
             Slain by a gnoll
             ... wielding a +0 spear
              (4 damage)
             ... on level 5 of the Dungeon.
             The game lasted 00:05:46 (3432 turns).

SnakkuSnakku7 the Shooter (Deep Elf Transmuter)     Turns: 3432, Time: 00:05:47

Health: -2/30      AC:  3    Str:  7    XL:     5   Next: 82%
Magic:  11/11      EV: 12    Int: 18    God:
Gold:   208        SH:  0    Dex: 17    Spells: 9/10 levels left

rFire   . . .        a - +0 sling
rCold   . . .        (no shield)
rNeg    . . .        d - +0 leather armour
rPois   .            (no helmet)
rElec   .            (no cloak)
rCorr   .            (no gloves)
SInv    +            (no boots)
Will    .....        m - amulet of faith
Stlth   +            b - ring of see invisible
HPRegen 0.25/turn    (no ring)
MPRegen 0.12/turn

%: faith
@: no status effects
A: no striking features
a: no special abilities


You were on level 5 of the Dungeon.
You visited 1 branch of the dungeon, and saw 6 of its levels.

You collected 208 gold pieces.

Inventory:

Hand Weapons
 a - a +0 sling (weapon)
Armour
 d - a +0 leather armour (worn)
 f - a +0 robe
Jewellery
 b - a ring of see invisible (left hand)
 m - an amulet of faith (around neck)
Scrolls
 c - 3 scrolls of teleportation
 e - 2 scrolls of blinking {unknown}
 g - a scroll of enchant weapon {unknown}
 h - a scroll of summoning {unknown}
 i - a scroll of fear {unknown}
 j - 2 scrolls of identify {unknown}
 k - a scroll of vulnerability {unknown}
 p - a scroll of poison {unknown}
Potions
 l - a potion of flight {unknown}
 n - 2 potions of heal wounds {unknown}
 o - a potion of might {unknown}


   Skills:
 - Level 2.0 Fighting
 + Level 6.9 Ranged Weapons
 - Level 2.4 Dodging
 - Level 2.4 Unarmed Combat
 - Level 3.0 Spellcasting
 - Level 2.1 Transmutations


You had 9 spell levels left.
You knew the following spells:

 Your Spells              Type           Power      Damage    Failure   Level
a - Beastly Appendage     Tmut           20%        N/A       10%         1

Your spell library contained the following spells:

 Spells                   Type           Power      Damage    Failure   Level
 Sting                    Tmut/Pois      24%        1d4       16%         1
 Wereblood                Tmut           10%        N/A       16%         2
 Summon Small Mammal      Summ           8%         N/A       24%         1
 Poisonous Vapours        Pois/Air       4%         N/A       36%         2
 Spider Form              Tmut/Pois      6%         N/A       43%         3
 Call Canine Familiar     Summ           2%         N/A       58%         3
 Summon Guardian Golem    Hex/Summ       2%         N/A       58%         3
 Ice Form                 Ice/Tmut       6%         N/A       83%         4
 Olgreb's Toxic Radiance  Pois           2%         N/A       94%         4


Dungeon Overview and Level Annotations

Branches:
Dungeon (6/15)
 Temple: D:4-7

Altars:
Ashenzari
Hepliaklqana
Nemelex Xobeh
Ru

Shops:
D:4 =

Annotations:
D:2 exclusion: kobold, Sigmund
D:3 Grinder, Natasha
D:6 exclusions: bullfrog and water moccasin


Message History

The gnoll shouts!
The gnoll hits you from afar with a +0 spear.
The gnoll barely misses you. The gnoll closely misses you.
You climb downwards.
Level annotation: exclusions: bullfrog and water moccasin
There is a stone staircase leading up here.
Unknown command.
You shoot a sling bullet. The sling bullet hits the gnoll.
The gnoll is heavily wounded.
The gnoll misses you.
You shoot a sling bullet. The sling bullet hits the gnoll!
You kill the gnoll!
No target in view!
No target in view!
No target in view!
You start resting.
HP restored.
You climb upwards.
The gnoll hits you from afar with a +0 spear!
There is a stone staircase leading down, spattered with blood here.
Unknown command.
Unknown command.
You shoot a sling bullet. The sling bullet hits the gnoll.
The gnoll is heavily wounded.
The gnoll barely misses you.
You shoot a sling bullet. The sling bullet hits the gnoll.
The gnoll is heavily wounded.
The gnoll misses you.
The gnoll hits you from afar with a +0 spear.
You shoot a sling bullet.
The sling bullet completely misses the gnoll.
The gnoll hits you from afar with a +0 spear. x2
The gnoll closely misses you.
The gnoll hits you from afar with a +0 spear.
* * * LOW HITPOINT WARNING * * *
You are too injured to fight recklessly!
The gnoll hits you from afar with a +0 spear.
* * * LOW HITPOINT WARNING * * *
The gnoll hits you from afar with a +0 spear.
You die...

#######
#@....#
#.........#
#....gg#..#
#......# .#
#......# #
#.......
########


You could see 2 gnolls.

Vanquished Creatures
  An orc priest (D:4)
  A hound (D:4)
  A gnoll (D:6)
  6 adders
  A shadow imp (D:6)
  4 worms (D:2)
  4 dart slugs
  5 orcs
  9 ball pythons
  5 bats
  4 endoplasms
  2 giant cockroaches
  7 hobgoblins
  13 jackals
  3 quokkas
  5 frilled lizards
  3 goblins
  7 kobolds
  5 rats
86 creatures vanquished.

Notes
Turn   | Place    | Note
-------+----------+-------------------------------------------
     0 | D:1      | SnakkuSnakku7 the Deep Elf Transmuter began the quest for
                  | the Orb.
     0 | D:1      | Reached XP level 1. HP: 11/11 MP: 6/6
    32 | D:1      | Reached skill level 1 in Fighting
   148 | D:1      | Reached XP level 2. HP: 16/17 MP: 8/8
   252 | D:1      | Reached skill level 1 in Ranged Weapons
   543 | D:1      | Reached skill level 2 in Ranged Weapons
   741 | D:1      | Reached XP level 3. HP: 20/21 MP: 9/9
  1086 | D:2      | Reached skill level 3 in Ranged Weapons
  1125 | D:2      | Noticed Sigmund
  1138 | D:2      | Found a faded altar of an unknown god.
  1172 | D:2      | Reached XP level 4. HP: 21/26 MP: 10/10
  1266 | D:2      | Found a hazy altar of Hepliaklqana.
  1290 | D:2      | Reached skill level 4 in Ranged Weapons
  2136 | D:3      | Reached skill level 5 in Ranged Weapons
  2301 | D:3      | Noticed Natasha
  2301 | D:3      | Noticed a phantom
  2616 | D:3      | Noticed Grinder
  2744 | D:4      | Reached XP level 5. HP: 14/30 MP: 11/11
  2809 | D:4      | Found Xoski's One-of-a-Kind Rings.
  2831 | D:4      | Found a sparkling altar of Nemelex Xobeh.
  2863 | D:4      | Found a sacrificial altar of Ru.
  2864 | D:4      | Found a broken altar of Ashenzari.
  2923 | D:4      | Reached skill level 6 in Ranged Weapons
  3223 | D:4      | HP: 1/30 [orc priest/divine providence (16)]
  3339 | D:4      | You fall into a shaft and drop 2 floors!
  3348 | D:6      | Noticed a water moccasin
  3376 | D:6      | Found a hazy altar of Hepliaklqana.
  3402 | D:5      | Entered Level 5 of the Dungeon
  3432 | D:5      | Slain by a gnoll

Illustrated notes

Levels and vault maps discovered:
D:1:      mrwooster_arrival_statue_3, layout_loops_corners, st_stairs_13
D:2:      layout_basic, basic_altar, nicolae_ecumenical_snake_handling,
          uniq_sigmund
D:3:      layout_basic, minmay_misc_feat_room, grunt_ministairs_11, st_stairs_7,
          uniq_grinder, uniq_natasha
D:4:      nicolae_cairo_tiling_large, layout_cave_pools, lemuel_crystal_altar,
          lemuel_tele_altar, mainiacjoe_overflow_alcove_1,
          hangedman_decor_growths, nicolae_shop_unique_rings
D:5:      layout_basic, minmay_temple_entry_large_hall, uniq_blork_the_orc,
          uniq_menkaure, uniq_pikel
D:6:      layout_loops_corners, grunt_temple_overflow_holy_war,
          mainiacjoe_overflow_concentric_impassable, kb_lookout_dungeons_type,
          kennysheep_generic_room_15, uniq_edmund

Skill      XL: |  1  2  3  4  5 |
---------------+----------------+-----
Fighting       | 1 2 |  2.0
Ranged Weapons | 2 3 5 6 |  6.9
Dodging        | |  2.4
Unarmed Combat | |  2.4
Spellcasting   | |  3.0
Transmutations | |  2.1

Action                     |  1- 3 |  4- 6 || total
---------------------------+-------+-------++-------
  Melee: Unarmed           |    40 |       ||    40
         Kick              |     7 |       ||     7
         Headbutt          |     5 |       ||     5
   Fire: Sling             |   104 |   205 ||   309
   Cast: Beastly Appendage |     7 |       ||     7
    Use: Potion            |     1 |     2 ||     3
         Scroll            |       |     3 ||     3
 Armour: Leather armour    |    48 |    22 ||    70
         Skin              |    29 |       ||    29
  Dodge: Dodged            |   105 |    78 ||   183
